Map: Praça Neon Violeta LE

Players

IagoAbreu - Winner!

  • Race: Zerg Zerg
  • League: Silver
  • Spawn Location: 11:00

storm

  • Race: Zerg Zerg
  • League: Silver
  • Spawn Location: 5:00

VOD

Have the link to the VOD?

Description

Time

  • Played on: March 7, 2018, 12:45 p.m.
  • Length: 11:24
Show
View Real Time Build Order
Export as new Build Order

IagoAbreu Zerg - Winner!

Build Orders: Pool First 

Get SALT Encoding   

  12  0:08  Overlord  
  12  0:13  Drone  
  13  0:19  Drone  
  14  0:38  Spawning Pool  
  14  0:41  Drone  
  14  0:44  Drone  
  14  0:48  Drone  
  16  0:59  Drone  
  17  1:08  Overlord  
  17  1:25  Queen  
  17  1:29  Zergling x4  
  21  1:38  Roach Warren  
  20  1:41  Extractor  
  20  1:43  Extractor  
  20  1:44  Zergling x2  
  19  1:53  Zergling x2  
  20  2:01  Drone  
  21  2:13  Drone  
  22  2:31  Drone x2  
  22  2:35  Drone x3  
  27  2:44  Roach  
  29  3:01  Hatchery  
  29  3:02  Drone  
  29  3:06  Overlord  
  29  3:14  Overlord x3  
  29  3:38  Lair  
  29  3:44  Roach x3  
  29  3:45  Roach  
  37  3:49  Zergling x2  
  38  4:20  Queen  
  38  4:21  Drone  
  41  4:29  Drone x7  
  48  4:52  Zergling x8  
  48  5:50  Roach  
  48  5:51  Roach x3  
  48  5:52  Roach x2  
  48  5:54  Zergling x2, Overlord x5  
  46  6:38  Spire  
  45  6:43  Hydralisk Den  
  44  6:48  Nydus Network  
  38  7:14  Zergling x6  
  38  7:15  Zergling x10, Hydralisk x3  
  42  7:16  Hydralisk x3  
  52  7:30  Ravager  
  53  7:45  Overseer  
  53  8:16  Nydus Canal  
  53  8:34  Hydralisk x5  
  53  8:36  Roach x3, Zergling x6  
  53  8:37  Zergling x10  
  77  9:08  Hydralisk x2  
  77  9:09  Hydralisk x2  
  62  9:33  Zergling x14  
  62  9:34  Zergling x6  
  69  9:52  Queen  
  71  10:03  Mutalisk x2  
  71  10:04  Mutalisk x2  
  79  10:25  Nydus Canal  
  79  10:41  Overlord x4  
Show
View Real Time Build Order
Export as new Build Order

storm Zerg 

Build Orders: Pool First 

Get SALT Encoding   

  12  0:17  Overlord  
  12  0:18  Drone  
  12  0:20  Drone  
  14  0:45  Drone  
  14  0:46  Drone  
  16  0:52  Spawning Pool  
  15  0:59  Drone, Extractor  
  15  1:00  Extractor  
  14  1:09  Drone  
  15  1:14  Drone  
  16  1:22  Drone  
  17  1:47  Drone x2  
  17  1:51  Queen  
  21  1:58  Roach Warren  
  20  2:09  Drone  
  20  2:10  Drone  
  22  2:29  Overlord x2  
  22  2:38  Overlord  
  22  2:47  Queen  
  24  3:23  Drone  
  24  3:24  Drone  
  24  3:25  Roach x3  
  32  4:00  Roach x5  
  42  4:03  Lair  
  42  4:34  Evolution Chamber  
  41  4:38  Evolution Chamber  
  41  4:44  Drone  
  41  4:45  Drone x3  
  32  5:52  Hatchery, Extractor  
  32  5:55  Roach  
  32  5:56  Roach x8  
  38  6:44  Roach  
  38  6:45  Roach x3  
  38  6:46  Overlord x3  
  46  6:52  Queen  
  34  7:28  Queen  
  34  7:32  Zerg Ground Armor Level 1  
  34  7:34  Hydralisk Den  
  33  7:37  Tunneling Claws  
  33  8:12  Hydralisk x3  
  35  8:16  Queen  
  41  8:27  Roach  
  43  8:35  Hydralisk x2  
  43  8:36  Hydralisk x4  
  55  8:43  Zerg Missile Weapons Level 1  
  55  8:49  Grooved Spines  
  55  8:56  Glial Reconstitution  
  47  9:28  Roach x7  
  55  9:58  Drone  
  55  9:59  Drone x3  
  59  10:43  Drone x4  
  59  10:44  Drone  
  64  11:04  Lurker Den  
Tags
 
Add a new tag
Caveats
  • Supply blocks, unpowered buildings, or Contaminate may cause inaccurate times.
  • Supply counts are checked every 10 seconds.